 Dungeon Crawl Stone Soup version 0.26.1-2-gb8aa6d0cf2 (webtiles) character file.

Game seed: 4969961640840268657

304 Gadfly the Chopper (level 6, -8/54 HPs)
             Began as a Palentonga Monk on Feb 27, 2021.
             Mangled by an ogre
             ... wielding a +0 giant club
              (11 damage)
             ... on level 3 of the Dungeon.
             The game lasted 00:04:53 (3686 turns).

Gadfly the Chopper (Palentonga Monk)                Turns: 3686, Time: 00:04:53

Health: -8/54      AC:  7    Str: 16    XL:     6   Next: 15%
Magic:  6/6        EV:  6    Int: 10    God:
Gold:   231        SH:  0    Dex: 19    Spells: 5/5 levels left

rFire    + . .     SeeInvis +   a - +1 hand axe
rCold    . . .     Faith    .   (no shield)
rNeg     . . .     Spirit   .   e - +0 chain mail
rPois    .         Reflect  .   (no helmet)
rElec    .         Harm     .   (no cloak)
rCorr    .         Rampage  .   (no gloves)
Will     .....                  (no barding)
Stlth    ..........             (no amulet)
HPRegen  0.18/turn              d - ring of protection from fire
MPRegen  0.10/turn              o - +6 ring of dexterity

@: no status effects
A: large, rugged brown scales 3, see invisible, deformed body, roll 1, armoured
tail
a: Rolling Charge


You were on level 3 of the Dungeon.
You visited 1 branch of the dungeon, and saw 4 of its levels.

You collected 231 gold pieces.

Inventory:

Hand Weapons
 a - a +1 hand axe (weapon)
Armour
 e - a +0 chain mail (worn)
Jewellery
 d - a ring of protection from fire (left hand)
 o - a +6 ring of dexterity (right hand)
Wands
 g - a wand of flame (13)
Scrolls
 c - 2 scrolls of identify
 k - a scroll of remove curse
Potions
 f - a potion of curing
 h - 3 potions of flight


   Skills:
 + Level 3.1 Fighting
 + Level 3.8 Axes
 * Level 2.7 Armour
 + Level 3.1 Dodging
 - Level 1.2 Stealth
 * Level 3.0 Evocations


You had 5 spell levels left.
You didn't know any spells.
Your spell library was empty.

Dungeon Overview and Level Annotations

Branches:
Dungeon (4/15)
 Temple: D:4-7

Altars:
Ru


Innate Abilities, Weirdness & Mutations

You are completely covered in rugged brown scales. (AC +3, +7% HP)
You have supernaturally acute eyesight. (SInv)
Armour fits poorly on your strangely shaped body.
You can roll at nearby foes to attack.
You have a long armoured tail.


Message History

The ogre hits you with a +0 giant club!
* * * LOW HITPOINT WARNING * * *
You climb upwards.
There is a stone staircase leading down here.
You feel much better.
Okay, then.
Okay, then.
You slash the ogre!
You tail-slap the ogre, but do no damage.
The ogre is moderately wounded.
The ogre hits you with a +0 giant club!
You hit the ogre. You tail-slap the ogre.
The ogre is heavily wounded.
The ogre hits you with a +0 giant club!
* * * LOW HITPOINT WARNING * * *
You hit the ogre but do no damage.
You tail-slap the ogre, but do no damage.
The ogre is heavily wounded.
The ogre hits you with a +0 giant club!
You die...

##### ############...#
#..............###
#.##########...#.################
#.# ##.#.................# #.#
#......############.# #.#
##.......## #.# #.# #....@....#
#.# #.# ##..O....###########.#
#.# ##......#............
..#############....#..#########.#
#..............#..###............
...###..######.....#..#########.#
#'.# #..# ######...#########.#
)#.# #..# #######..............
†#.# #..# #...............###.#


You could see an ogre.

Vanquished Creatures
  Ijyb (D:3)
  Natasha (thrice) (D:3)
  An orc wizard (D:3)
  11 adders
  A worm (D:3)
  2 dart slugs
  4 leopard geckos
  3 orcs (D:3)
  4 ball pythons
  A giant cockroach (D:2)
  11 goblins
  9 hobgoblins
  A jackal (D:2)
  7 kobolds
  9 bats
  3 frilled lizards
  A quokka skeleton (D:4)
  5 rats
77 creatures vanquished.

Vanquished Creatures (others)
  A plant (D:3)
1 creature vanquished.

Grand Total: 78 creatures vanquished

Notes
Turn   | Place    | Note
-------+----------+-------------------------------------------
     0 | D:1      | Gadfly the Palentonga Monk began the quest for the Orb.
     0 | D:1      | Reached XP level 1. HP: 20/20 MP: 1/1
   293 | D:1      | Reached XP level 2. HP: 13/27 MP: 2/2
   591 | D:1      | Reached skill level 1 in Evocations
   727 | D:1      | Reached skill level 1 in Armour
   903 | D:1      | Reached XP level 3. HP: 30/33 MP: 3/3
  1075 | D:2      | You fall into a shaft and drop 2 floors!
  1206 | D:3      | Noticed Natasha
  1223 | D:3      | Killed Natasha
  1224 | D:3      | Reached XP level 4. HP: 6/40 MP: 4/4
  1391 | D:3      | Noticed Natasha
  1400 | D:3      | Killed Natasha
  1577 | D:3      | Noticed Natasha
  1584 | D:3      | Killed Natasha
  1585 | D:3      | Reached XP level 5. HP: 48/48 MP: 5/5
  1786 | D:3      | Noticed Ijyb
  1803 | D:3      | Killed Ijyb
  2079 | D:2      | Found a faded altar of an unknown god.
  3291 | D:3      | Found a sacrificial altar of Ru.
  3305 | D:3      | Reached XP level 6. HP: 39/54 MP: 6/6
  3686 | D:3      | Mangled by an ogre

Illustrated notes

Levels and vault maps discovered:
D:1:      tarquinn_simple_flora_water_f, layout_rooms
D:2:      layout_loops_ring, chequers_ecumenical_altar_simple_redux, st_stairs_4
D:3:      minmay_angry_zag, layout_loops_ring,
          nicolae_ru_great_annihilating_truth, minmay_shallow_snake_nest,
          uniq_natasha, uniq_ijyb
D:4:      layout_loops_cross, nicolae_overflow_crystal_walls,
          lemuel_coloured_pillars_altar, uniq_pikel, uniq_eustachio

Skill      XL: |  1  2  3  4  5  6 |
---------------+-------------------+-----
Evocations     | 1 2 3 |  3.0
Armour         | 1 2 |  2.7
Dodging        | 3 |  3.1
Fighting       | |  3.1
Axes           | |  3.8
Stealth        | |  1.2

Action                   |  1- 3 |  4- 6 || total
-------------------------+-------+-------++-------
Melee: Hand axe          |    96 |   152 ||   248
       Tailslap          |    12 |    23 ||    35
 Abil: Rolling Charge    |    16 |    15 ||    31
  Use: Scroll            |     2 |     7 ||     9
       Potion            |       |     1 ||     1
Armor: Robe              |    13 |       ||    13
       Leather armour    |    10 |       ||    10
       Chain mail        |     4 |    97 ||   101
Dodge: Dodged            |    43 |    38 ||    81
